 Dungeon Crawl Stone Soup version 0.30-a0-726-gd89dcf765f (webtiles) character file.

Game seed: 972146166244620004

8848 sokol815 the Slicer (level 10, -1/81 HPs)
             Began as a Demigod Fire Elementalist on Jan 30, 2023.
             Slain by a skeletal warrior
             ... wielding the +12 glaive of Prune {freeze, Prune}
              (13 damage)
             ... on level 9 of the Dungeon.
             The game lasted 00:22:46 (11161 turns).

sokol815 the Slicer (Demigod Fire Elementalist)    Turns: 11161, Time: 00:22:47

Health: -1/81      AC: 11    Str:  9    XL:     10   Next: 93%
Magic:  0/15       EV: 15    Int: 17    God:
Gold:   532        SH:  9    Dex: 26    Spells: 9/12 levels left

rFire   . . .      SeeInvis .    a - +1 short sword (distort) {!w}
rCold   . . .      Faith    .    D - +2 buckler {reflect}
rNeg    . . .      Spirit   +    T - +0 acid dragon scales
rPois   +          Reflect  +    (no helmet)
rElec   .          Harm     .    k - +0 cloak
rCorr   +          Rampage  .    Q - +0 pair of gloves
Will    +....                    y - +0 pair of boots
Stlth   ++                       n - amulet of guardian spirit
HPRegen 0.33/turn                P - ring of poison resistance {rPois, !d}
MPRegen 0.14/turn                (no ring)

@: mighty
A: high MP 1, forlorn, divine attributes
a: no special abilities


You were on level 9 of the Dungeon.
You visited 1 branch of the dungeon, and saw 9 of its levels.
You also visited: Ossuary.

You collected 681 gold pieces.
You spent 149 gold pieces at shops.

Inventory:

Hand Weapons
 a - a +1 short sword of distortion (weapon) {!w}
   (You took it off a kobold on level 1 of the Dungeon)
 b - a +1 short sword of holy wrath
   (You took it off a kobold on level 8 of the Dungeon)
 f - a +0 mace
   (You found it on level 1 of the Dungeon)
 i - a +0 spear
   (You found it on level 1 of the Dungeon)
 o - a +2 dagger of flaming
   (You took it off a kobold on level 4 of the Dungeon)
 p - a +2 whip of freezing
   (You took it off Pikel on level 4 of the Dungeon)
 t - a +1 heavy hand axe
   (You took it off an orc on level 5 of the Dungeon)
 z - a +3 dagger
   (You took it off an orc wizard on level 7 of the Dungeon)
 F - a +0 sling
   (You found it on level 1 of the Dungeon)
 O - a +2 spectral quarterstaff
   (You found it on level 7 of the Dungeon)
 S - a +1 dagger of protection
   (You took it off an orc wizard on level 8 of the Dungeon)
Missiles
 d - 3 boomerangs
 g - 4 atropa-tipped darts
 h - 2 throwing nets {!d}
 j - 29 poisoned darts
 s - 58 stones
 u - 7 curare-tipped darts
Armour
 k - a +0 cloak (worn)
   (You found it on level 2 of the Dungeon)
 y - a +0 pair of boots (worn)
   (You found it on level 5 of the Dungeon)
 C - a +0 tower shield of fire resistance
   (You bought it in a shop on level 6 of the Dungeon)
 D - a +2 buckler of reflection (worn)
   (You found it on level 6 of the Dungeon)
 Q - a +0 pair of gloves (worn)
   (You found it on level 6 of the Dungeon)
 T - +0 acid dragon scales (worn)
   (You found it on level 8 of the Dungeon)
Magical Staves
 m - a staff of poison {rPois}
   (You took it off a hobgoblin on level 3 of the Dungeon)
Jewellery
 c - a ring of ice {rC+, rF-}
   (You found it on level 6 of the Dungeon)
 n - an amulet of guardian spirit (around neck)
   (You took it off a wight on level 8 of the Dungeon)
 P - a ring of poison resistance (left hand) {rPois, !d}
   (You found it on level 8 of the Dungeon)
Wands
 e - a wand of charming (10)
   (You found it on level 6 of the Dungeon)
 q - a wand of flame (11)
   (You found it on level 7 of the Dungeon)
Scrolls
 v - 2 scrolls of fog
 w - a scroll of brand weapon
 E - 2 scrolls of fear
 I - 2 scrolls of amnesia
 K - 2 scrolls of immolation {!r}
 V - 2 scrolls of vulnerability {!r!r}
 X - a scroll of magic mapping {@r4!r}
Potions
 l - a potion of attraction {!q}
 r - 3 potions of degeneration {unknown}
 A - a potion of magic
 B - 2 potions of brilliance
 G - 3 potions of ambrosia {!q}
 H - a potion of haste
 J - 7 potions of curing {@q1}
 L - 3 potions of flight
 M - a potion of might
 N - 4 potions of heal wounds {@q2}
 R - 2 potions of resistance
 U - 3 potions of mutation {!q}


   Skills:
 + Level 5.4 Fighting
 - Level 10.0 Short Blades
 + Level 5.4 Armour
 + Level 5.8 Dodging
 - Level 1.7 Stealth
 - Level 7.3 Shields
 - Level 1.7 Spellcasting
 - Level 2.6 Conjurations
 - Level 2.8 Fire Magic


You had 9 spell levels left.
You knew the following spells:

 Your Spells              Type           Power      Damage    Failure   Level
a - Foxfire               Conj/Fire      40%        2x1d6     13%         1
b - Scorch                Fire           22%        2d6       19%         2

Your spell library contained the following spells:

 Spells                   Type           Power      Damage    Failure   Level
 Apportation              Tloc           2%         N/A       36%         1
 Freeze                   Ice            4%         1d3       36%         1
 Sublimation of Blood     Necr           1%         N/A       52%         2
 Wereblood                Tmut           1%         N/A       52%         2
 Inner Flame              Hex/Fire       6%         N/A       54%         3
 Hailstorm                Conj/Ice       6%         3d4       56%         3
 Ignite Poison            Fire/Tmut/Pois 4%         N/A       63%         3
 Kindle Blastsparks       Fire/Tloc/Air  8%         2d10      63%         3
 Frozen Ramparts          Ice            2%         1d1       75%         3
 Ozocubu's Armour         Ice            1%         N/A       75%         3
 Flame Wave               Conj/Fire      10%        2d6       77%         4
 Ice Form                 Ice/Tmut       1%         N/A       98%         4
 Alistair's Intoxication  Tmut/Pois      0%         N/A       100%        5
 Ozocubu's Refrigeration  Ice            0%         4d7       100%        7
 Summon Hydra             Summ           0%         N/A       100%        7


Dungeon Overview and Level Annotations

Branches:
Dungeon (9/15) Zot: 26016  Temple (0/1) D:4         Ossuary (visited)
   Lair: D:8-11         Orc: D:9-12

Shops:
D:6 *

Annotations:
D:4 2 transporters
Abyss:1 Blork the orc, Edmund, Eustachio, Sigmund


Innate Abilities, Weirdness & Mutations

You have an increased reservoir of magic. (+10% MP)
You shall have no god before yourself.
Your divine heritage dramatically boosts your attributes as you level up.


Message History

No target in view!
A steam dragon comes into view.
Health restored: 81; MP restored: 15 You strike the helpless steam dragon from behind!
You impale the steam dragon!! The steam dragon closely misses you.
The steam dragon claws you but does no damage.
You hit the steam dragon.
Space warps horribly around the steam dragon!!
You kill the steam dragon!
No target in view!
You open the door.
There is an open door here.
You now have 532 gold pieces (gained 9).
A wight comes into view. It is wielding a +3 war axe.
The wight moves out of view.
The wight hits you with a +3 war axe!
You take 6 damage, and have 75/81 hp.
You now have 14/15 mp.
You hit the wight.
Space warps horribly around the wight!
You destroy the wight!
No target in view!
No target in view!
Things that are here:
a +3 war axe; a +0 robe; Health restored: 81; MP restored: 15 A yak comes into view.
A yak comes into view.
The yak bellows! x2
You hit the yak but do no damage.
The yak blinks!
You hit the yak.
Space warps around the yak!
You block the yak's attack.
You puncture the yak!
Space warps horribly around the yak!
You hit the yak but do no damage.
The yak is devoured by a tear in reality.
You block the yak's attack.
You hit the yak.
Space warps around the yak.
The yak completely misses you.
You hit the yak.
Space warps around the yak.
You puncture the yak!
Space warps around the yak.
The yak gores you but does no damage.
You barely miss the yak. You hit the yak.
The yak is devoured by a tear in reality.
No target in view!
A killer bee comes into view.
The killer bee buzzes angrily.
You hit the killer bee but do no damage.
Space warps around the killer bee.
The killer bee closely misses you.
You closely miss the killer bee. You block the killer bee's attack.
You hit the killer bee.
Space warps around the killer bee.
The killer bee closely misses you.
You hit the killer bee.
Space warps horribly around the killer bee!!
You kill the killer bee!
No target in view!
A floating eye comes into view.
The floating eye turns its gaze towards you.
The floating eye seems to glare at you.
The floating eye gazes piercingly through you!
You suddenly lose the ability to move!
The floating eye's view fixates on you.
The floating eye gazes piercingly through you!
You shrug off the repeated paralysis!
You can move again.
You hit the floating eye but do no damage.
You hit the floating eye.
Space warps around the floating eye!
You hit the floating eye.
You kill the floating eye!
There is a dry fountain here.
A slime creature is nearby!
s - 58 stones (gained 5)
You see here a +0 dire flail of protection.
Here: a skeletal warrior, wielding the +12 glaive of Prune {freeze, Prune} (wandering, hasn't noticed you)
The floor.
You start waiting.
A skeletal warrior is nearby!
You closely miss the skeletal warrior.
The skeletal warrior hits you with the +12 glaive of Prune {freeze, Prune}!
The skeletal warrior freezes you.
You take 14 damage, and have 67/81 hp.
You now have 12/15 mp.
Unknown command.
You feel very mighty all of a sudden.
You block the skeletal warrior's attack.
You hit the skeletal warrior but do no damage.
Space warps horribly around the skeletal warrior!
You hit the skeletal warrior but do no damage.
The skeletal warrior blinks!
The skeletal warrior hits you with the +12 glaive of Prune {freeze, Prune}!!
The skeletal warrior freezes you!
You take 26 damage, and have 42/81 hp.
MASSIVE DAMAGE!!
You now have 7/15 mp.
You hit the skeletal warrior but do no damage.
The skeletal warrior blinks!
You block the skeletal warrior's attack.
There is a dry fountain here.
You hit the skeletal warrior.
Space warps horribly around the skeletal warrior!
You puncture the skeletal warrior!
Space warps around the skeletal warrior.
The skeletal warrior hits you with the +12 glaive of Prune {freeze, Prune}!!!
* * * LOW HITPOINT WARNING * * *
The skeletal warrior freezes you!
You die...

..... ...................# #.
...###+######............# #.
..#........'.##..######.# #. #
#.#........#.....#....#.####.
#.##.#†..................#......
#....#.#######...#######...####.
#......# ♣.♣.♣♣.♣♣.♣ #......'.
#..###.# ♣.♣.♣z♣.♣ #......#.
#..##..# ♣.♣.@.♣ #.###..#.
#......# ♣.♣.♣.♣.♣ #. #..#.
#......# ♣.♣.♣♣.♣♣.♣ #. #..#.
#......# ######.###### #. #..#.
#......# ♣ ♣♣[..♣♣♣.♣♣#. #####.
#......# .~.♣.~~~.♣.~.♣# #.....
#......# ~~~.#~~~#.~~~.#..#.#...
#......#♣.~.♣.~~~.♣.~.♣#..#.#...
#......#♣♣.♣♣♣$.)♣♣♣.♣♣#..#.#...


You could see a skeletal warrior.

Vanquished Creatures
  2 two-headed ogres
  Pikel (D:4)
  A hornet (D:7)
  Grinder (D:6)
  2 shadows (D:9)
  A wraith (D:9)
  A steam dragon (D:9)
  7 yaks
  An acid dragon (D:8)
  A floating eye (shapeshifter) (D:9)
  An orc warrior (D:7)
  An ice beast (D:7)
  2 sky beasts
  A black bear (D:4)
  A centaur (D:9)
  A lemure (D:4)
  A phantom (D:2)
  3 kobold brigands
  An elf zombie (Ossuary)
  4 bullfrogs
  A scorpion (D:5)
  5 wights
  10 killer bees
  3 howler monkeys (D:9)
  2 orc priests
  2 hounds (D:6)
  4 iguanas
  6 orc wizards
  2 mummies (Ossuary)
  12 gnolls
  11 adders
  A shadow imp (D:7)
  An ufetubus (D:5)
  2 worms
  4 dart slugs
  22 orcs
  6 endoplasms
  2 giant cockroaches
  5 goblins
  4 hobgoblins
  9 jackals
  6 quokkas
  6 ball pythons
  2 bats
  3 frilled lizards
  3 goblin zombies (Ossuary)
  6 hobgoblin zombies (Ossuary)
  21 kobolds
  9 kobold zombies (Ossuary)
  11 orc zombies (Ossuary)
  8 rats
  2 rat zombies (Ossuary)
225 creatures vanquished.

Vanquished Creatures (collateral kills)
  A necrophage (D:7)
  A jelly (D:7)
  3 foxfires (D:1)
5 creatures vanquished.

Vanquished Creatures (others)
  63 foxfires (D:1)
63 creatures vanquished.

Grand Total: 293 creatures vanquished

Notes
Turn   | Place    | Note
-------+----------+-------------------------------------------
     0 | D:1      | sokol815 the Demigod Fire Elementalist began the quest for
                  | the Orb.
     0 | D:1      | Reached XP level 1. HP: 14/14 MP: 5/5
     7 | D:1      | Reached skill level 1 in Conjurations
   241 | D:1      | Reached skill level 2 in Conjurations
   241 | D:1      | Reached XP level 2. HP: 20/20 MP: 4/7
   721 | D:1      | Learned a level 2 spell: Scorch
  1053 | D:1      | Reached XP level 3. HP: 26/26 MP: 8/8
  1272 | D:2      | Reached skill level 1 in Short Blades
  1284 | D:2      | Reached skill level 2 in Short Blades
  1284 | D:2      | Reached XP level 4. HP: 20/33 MP: 9/9
  1432 | D:2      | Noticed a phantom
  1450 | D:2      | Killed a phantom
  1451 | D:2      | Reached skill level 3 in Short Blades
  1451 | D:2      | Reached XP level 5. HP: 20/38 MP: 10/10
  1452 | D:2      | Got the Omnibus of the Salamander and the Iceberg
  1722 | D:2      | Reached skill level 4 in Short Blades
  2600 | D:3      | Reached XP level 6. HP: 40/45 MP: 11/11
  2870 | D:3      | Reached skill level 5 in Short Blades
  3135 | D:4      | Noticed Pikel
  3168 | D:4      | Killed Pikel
  3169 | D:4      | Reached skill level 7 in Short Blades
  3169 | D:4      | Reached XP level 7. HP: 14/50 MP: 12/12
  3455 | D:4      | Found a transporter.
  3456 | D:4      | Found a transporter.
  3568 | D:4      | Found a staircase to the Ecumenical Temple.
  4274 | D:5      | Entered Level 5 of the Dungeon
  4368 | D:5      | Reached skill level 8 in Short Blades
  4415 | D:5      | Noticed Eustachio
  4428 | D:5      | Banished Eustachio
  4483 | D:5      | Noticed Blork the orc
  4496 | D:5      | Banished Blork the orc
  4497 | D:5      | Reached XP level 8. HP: 33/57 MP: 13/13
  4503 | D:5      | Found a sand-covered staircase.
  4542 | Ossuary  | Entered an ossuary
  4923 | D:5      | Noticed Sigmund
  4923 | D:5      | You fall into a shaft and drop 3 floors!
  4960 | D:8      | Noticed a two-headed ogre
  4961 | D:8      | Reached skill level 9 in Short Blades
  5608 | D:5      | Banished Sigmund
  5937 | D:5      | Reached skill level 10 in Short Blades
  6377 | D:6      | Noticed Grinder
  6458 | D:6      | Killed Grinder
  6459 | D:6      | Reached skill level 2 in Dodging
  6459 | D:6      | Reached skill level 1 in Shields
  6605 | D:6      | Noticed Edmund
  6659 | D:6      | Banished Edmund
  6660 | D:6      | Reached skill level 1 in Fighting
  6660 | D:6      | Reached skill level 1 in Armour
  6989 | D:6      | Found Qitoceac's Fire Supplies.
  6995 | D:6      | Bought a +0 tower shield of fire resistance for 149 gold
                  | pieces
  7067 | D:6      | Reached skill level 2 in Shields
  7562 | D:7      | Reached XP level 9. HP: 49/67 MP: 14/14
  7709 | D:7      | Reached skill level 2 in Fighting
  7752 | D:7      | Reached skill level 2 in Armour
  7752 | D:7      | Reached skill level 3 in Shields
  7874 | D:7      | Reached skill level 3 in Dodging
  7943 | D:7      | Paralysed by a hornet for 3 turns
  7949 | D:7      | HP: 17/68 [poisoned by a hornet]
  7954 | D:7      | HP: 12/68 [poisoned by a hornet]
  8451 | D:7      | Reached skill level 4 in Shields
  8775 | D:8      | HP: 9/68 [two-headed ogre/+0 giant club (20)]
  8778 | D:8      | Killed a two-headed ogre
  8779 | D:8      | Reached skill level 3 in Fighting
  8779 | D:8      | Reached skill level 3 in Armour
  8779 | D:8      | Reached skill level 4 in Dodging
  9102 | D:8      | Reached skill level 5 in Shields
  9133 | D:8      | Reached XP level 10. HP: 26/78 MP: 15/15
  9532 | D:8      | Reached skill level 4 in Fighting
  9532 | D:8      | Reached skill level 4 in Armour
  9840 | D:8      | Reached skill level 6 in Shields
 10155 | D:9      | Reached skill level 5 in Dodging
 10171 | D:9      | Noticed a two-headed ogre
 10265 | D:9      | Killed a two-headed ogre
 10375 | D:9      | Reached skill level 7 in Shields
 10512 | D:9      | Reached skill level 5 in Fighting
 10512 | D:9      | Reached skill level 5 in Armour
 10637 | D:9      | Noticed a two-headed ogre
 10647 | D:9      | Noticed a skeletal warrior
 10653 | D:9      | a jumping spider changed into a moth of wrath
 10653 | D:9      | Noticed a moth of wrath (shapeshifter)
 11116 | D:9      | Paralysed by a floating eye for 4 turns
 11161 | D:9      | HP: 12/81 [skeletal warrior/the +12 glaive of Prune
                  | {freeze, Prune} (31)]
 11161 | D:9      | Slain by a skeletal warrior

Illustrated notes

Levels and vault maps discovered:
D:1:      psy_arrival_spokes, layout_loops_cross, st_stairs_13, hex_medium,
          dreamdust_mushroom_princess, corexii_leaking_fountain,
          minmay_misc_feat_encased, minmay_octomino_j4
D:2:      layout_basic, ebering_ecumenical_altar_box, cheibrodos_gnoll_hut
D:3:      layout_loops_corners
D:4:      gammafunk_wand_slinger, layout_basic, temple_statues, uniq_pikel
D:5:      layout_layer_cave, enter_ossuary_2, uniq_blork_the_orc,
          uniq_eustachio, uniq_sigmund
D:6:      layout_basic, nicolae_shop_fire_sale [nicolae_sub_dead_trees],
          minmay_misc_feat_secret_circle, uniq_edmund, uniq_grinder
D:7:      layout_basic, yredelemnul_altar_generic
D:8:      layout_rooms, mainiacjoe_overflow_24_doors
D:9:      nzn_winding_woodlands_small [nzn_winding_woodlands_5x15_split_checker,
          nzn_winding_woodlands_center_triple_pond,
          nzn_winding_woodlands_5x15_twine], layout_stronghold,
          kennysheep_flooded_box, uniq_erolcha

Skill      XL: |  1  2  3  4  5  6  7  8  9 10 |
---------------+-------------------------------+-----
Conjurations   | 2 |  2.6
Short Blades   | 2 3 4 7 8 10 | 10.0
Dodging        | 2 4 5 |  5.8
Shields        | 2 5 7 |  7.3
Fighting       | 1 3 5 |  5.4
Armour         | 1 3 5 |  5.4
Stealth        | |  1.7
Spellcasting   | |  1.7
Fire Magic     | |  2.8

Action                     |  1- 3 |  4- 6 |  7- 9 | 10-12 || total
---------------------------+-------+-------+-------+-------++-------
  Melee: Short sword       |    28 |   137 |   423 |   195 ||   783
         Punch             |       |     1 |     4 |       ||     5
   Fire: Sling             |     6 |       |       |       ||     6
  Throw: Dart              |       |       |       |    11 ||    11
   Cast: Foxfire           |    41 |       |       |       ||    41
    Use: Scroll            |     5 |     1 |    13 |     6 ||    25
         Potion            |       |       |       |     1 ||     1
   Stab: Distracted        |       |       |       |     2 ||     2
 Armour: Plate armour      |    11 |    68 |       |       ||    79
         Scale mail        |       |     6 |    78 |     3 ||    87
         Acid dragon scale |       |       |       |    29 ||    29
  Dodge: Dodged            |     7 |    10 |    85 |    70 ||   172
  Block: Tower shield      |       |       |    23 |       ||    23
         Buckler           |       |       |    28 |    59 ||    87
         Reflection        |       |       |     1 |     4 ||     5

Table legend: (Time is in decaauts)
 A = Elapsed time spent in this place.
 B = Non-inter-level travel time spent in this place.
 C = Inter-level travel time spent in this place.
 D = Time resting spent in this place.
 E = Time spent auto-exploring this place.
 F = Levels seen in this place.
 G = Mean time per level.
                   A        B        C        D        E       F      G
               +--------+--------+--------+--------+--------+-----+--------+
         Total |  10884 |  10690 |    194 |   1583 |   7228 |  10 | 1088.4 |
       Dungeon |  10611 |  10417 |    194 |   1583 |   7087 |   9 | 1179.0 |
       Ossuary |    272 |    272 |      0 |      0 |    141 |   1 |  272.0 |
               +--------+--------+--------+--------+--------+-----+--------+

Top non-repeatable levels by time:
     D:5: 1547 daAuts
     D:7: 1535 daAuts
     D:8: 1213 daAuts
     D:4: 1166 daAuts
     D:6: 1149 daAuts
     D:1: 1124 daAuts
     D:3: 1055 daAuts
     D:9: 934 daAuts
     D:2: 884 daAuts
 Ossuary: 272 daAuts

Table legend:
 A = Kills in this place as a percentage of kills in entire the game.
 B = Kills by you in this place as a percentage of kills by you in the entire game.
 C = Kills by friends in this place as a percentage of kills by friends in the entire game.
 D = Other kills in this place as a percentage of other kills in the entire game.
 E = Experience gained in this place as a percentage of experience gained in the entire game.
 F = Experience gained in this place divided by the number of levels of this place that you have seen.
                   A       B       C       D       E      F
               +-------+-------+-------+-------+-------+----------------------
         Total | 100.0 | 100.0 | 100.0 | 100.0 | 100.0 | 1264.0
       Dungeon |  85.2 |  84.8 | 100.0 |  87.1 |  98.7 | 1385.9
       Ossuary |  14.8 |  15.2 |   0.0 |  12.9 |   1.3 | 167.0
               +-------+-------+-------+-------+-------+----------------------
